 Dungeon Crawl Stone Soup version 0.28-a0-1389-gc726bef33b (webtiles) character file.

Game seed: 6322241667678066602

71 thegreatkingdan the Skirmisher (level 4, 0/40 HPs)
             Began as a Draconian Monk on Jan 3, 2022.
             Killed by divine providence
             ... invoked by an orc priest
              (14 damage)
             ... on level 3 of the Dungeon.
             The game lasted 00:12:53 (1971 turns).

thegreatkingdan the Skirmisher (Draconian Monk)     Turns: 1971, Time: 00:12:53

Health: 0/40       AC:  9    Str: 16    XL:     4   Next: 5%
Magic:  4/4        EV: 13    Int: 10    God:
Gold:   64         SH:  0    Dex: 13    Spells: 3/3 levels left

rFire   + . .      SeeInvis .   n - +0 short sword (venom)
rCold   x . .      Faith    .   (no shield)
rNeg    . . .      Spirit   .   (armour unavailable)
rPois   .          Reflect  .   (helmet restricted)
rElec   .          Harm     .   h - scarf {shadows}
rCorr   .          Rampage  .   b - +2 pair of gloves
Will    .....                   m - +0 pair of boots
Stlth   ++........              (no amulet)
HPRegen 0.13/turn               c - ring of fire
MPRegen 0.09/turn               (no ring)

@: no status effects
A: AC +5, unfitting armour, cold-blooded
a: no special abilities


You were on level 3 of the Dungeon.
You visited 1 branch of the dungeon, and saw 3 of its levels.

You collected 64 gold pieces.

Inventory:

Hand Weapons
 a - a +0 spear
 n - a +0 short sword of venom (weapon)
Armour
 b - a +2 pair of gloves (worn)
 h - a scarf of shadows (worn)
 m - a +0 pair of boots (worn)
Jewellery
 c - a ring of fire (left hand)
Scrolls
 d - a scroll of fog {unknown}
 e - a scroll of noise {unknown}
 f - a scroll of immolation {unknown}
 j - a scroll of acquirement {unknown}
 k - a scroll of blinking {unknown}
 l - a scroll of amnesia {unknown}
Potions
 g - 2 potions of flight {unknown}
 i - a potion of lignification {unknown}
 o - a potion of brilliance {unknown}


   Skills:
 + Level 3.9 Fighting
 + Level 3.5 Polearms
 + Level 3.2 Dodging
 + Level 2.5 Stealth


You had 3 spell levels left.
You didn't know any spells.
Your spell library contained the following spells:

 Spells                   Type           Power      Damage    Failure   Level
 Ensorcelled Hibernation  Hex/Ice        0%         N/A       50%         2
 Tukima's Dance           Hex            0%         N/A       75%         3
 Enfeeble                 Hex            0%         N/A       100%        7


Dungeon Overview and Level Annotations

Branches:
Dungeon (3/15)

Altars:

Shops:
D:1 (


Innate Abilities, Weirdness & Mutations

Your plain brown scales are hard. (AC +5)
You cannot fit into any form of body armour.
You are cold-blooded and may be slowed by cold attacks.


Message History

The hobgoblin is moderately wounded.
The hobgoblin barely misses you.
The hobgoblin hits you but does no damage.
You completely miss the hobgoblin.
The hobgoblin is moderately wounded.
The hobgoblin closely misses you.
You closely miss the hobgoblin.
You tail-slap the hobgoblin, but do no damage.
The hobgoblin is lightly wounded.
The hobgoblin closely misses you.
You hit the hobgoblin.
The hobgoblin looks as sick as possible!
The hobgoblin is almost dead.
You kill the hobgoblin!
You see here a hobgoblin corpse.
An orc priest comes into view. It is wielding a +0 whip.
An orc comes into view. It is wielding a +0 hand axe.
Found a plate armour.
The orc priest shouts!
The orc shouts!
You hear a shout!
The orc priest casts a cantrip, but nothing happens.
The orc closely misses you.
The orc priest invokes the aid of Beogh against you.
Beogh smites you!
You hear a shout!
You hit the orc.
The orc is poisoned.
Your tail-slap misses the orc.
The orc is severely wounded.
You kill the orc!
You closely miss the orc priest.
An orc priest comes into view. It is wielding a +0 whip.
The orc priest misses you.
You barely miss the orc priest.
The orc priest hits you but does no damage.
The orc priest invokes the aid of Beogh against you.
Beogh smites you!
You are too injured to fight recklessly!
You are too injured to fight recklessly!
You are too injured to fight recklessly!
The orc priest calls down the wrath of Beogh upon you.
Beogh smites you!
You die...

#######
#.o.o@#
#[###.#
# #.#
#.# #.#
#.# #.#
#†# #.#


You could see 2 orc priests.

Vanquished Creatures
  2 adders (D:2)
  An orc (D:3)
  3 bats
  An endoplasm (D:1)
  5 giant cockroaches
  6 goblins
  5 hobgoblins
  3 jackals (D:2)
  6 quokkas
  5 ball pythons
  A frilled lizard (D:1)
  4 kobolds
  5 rats
47 creatures vanquished.

Vanquished Creatures (others)
  6 plants (D:2)
6 creatures vanquished.

Grand Total: 53 creatures vanquished

Notes
Turn   | Place    | Note
-------+----------+-------------------------------------------
     0 | D:1      | thegreatkingdan the Draconian Monk began the quest for the
                  | Orb.
     0 | D:1      | Reached XP level 1. HP: 19/19 MP: 1/1
   148 | D:1      | Reached XP level 2. HP: 24/26 MP: 2/2
   303 | D:1      | Found Basabuf's Weapon Shop.
   782 | D:2      | Reached XP level 3. HP: 33/33 MP: 3/3
   957 | D:2      | Found a faded altar of an unknown god.
  1720 | D:2      | Reached XP level 4. HP: 40/40 MP: 4/4
  1971 | D:3      | Killed from afar by an orc priest

Illustrated notes

Levels and vault maps discovered:
D:1:      nzn_arrival_water_spiral, layout_basic, serial_shops, shop_fountains
D:2:      layout_rooms, hellmonk_ecumenical_altar_arch_garden, serial_forest,
          infiniplex_forest_fountain, infiniplex_forest_join,
          infiniplex_forest_clump_cross, infiniplex_forest_clump_C,
          infiniplex_forest_split, infiniplex_forest_clump_double
D:3:      layout_basic, portal_sewer_entry_a, serial_glass, glass_columns_a,
          glass_columns_a, hex_large, guppyfry_early_lair_pool

Skill      XL: |  1  2 |
---------------+-------+-----
Stealth        | 2 |  2.5
Dodging        | 3 |  3.2
Fighting       | |  3.9
Polearms       | |  3.5

Action                   |  1- 3 |  4- 6 || total
-------------------------+-------+-------++-------
Melee: Spear             |   186 |       ||   186
       Tailslap          |    19 |     7 ||    26
       Short sword       |    10 |    33 ||    43
 Stab: Sleeping          |    13 |       ||    13
Armor: Skin              |    63 |     2 ||    65
Dodge: Dodged            |   130 |     6 ||   136

Table legend: (Time is in decaauts)
 A = Elapsed time spent in this place.
 B = Non-inter-level travel time spent in this place.
 C = Inter-level travel time spent in this place.
 D = Time resting spent in this place.
 E = Time spent auto-exploring this place.
 F = Levels seen in this place.
 G = Mean time per level.
                   A        B        C        D        E       F      G
               +--------+--------+--------+--------+--------+-----+--------+
         Total |   1971 |   1971 |      0 |    159 |   1070 |   3 |  657.0 |
       Dungeon |   1971 |   1971 |      0 |    159 |   1070 |   3 |  657.0 |
               +--------+--------+--------+--------+--------+-----+--------+

Top non-repeatable levels by time:
     D:2: 1262 daAuts
     D:1: 683 daAuts
     D:3: 25 daAuts
